[Event "Early-Titled-Tuesday-Blitz-January-23-2024"]
[Site "Chess.com"]
[Date "2024.01.23"]
[Round "6"]
[White "Artyom_ChessMate"]
[Black "GaiozNigalidze"]
[Result "0-1"]
[WhiteElo "2532"]
[BlackElo "2709"]
[TimeControl "180+1"]
[EndTime "9:07:17 PST"]
[Termination "GaiozNigalidze won on time"]

1. e4 c5 2. Nc3 d6 3. f4 Nc6 4.
Nf3 g6 5. Bc4 Bg7 6. O-O e6 7.
f5 Nf6 8. Qe1 a6 9. d3 Ne5 10.
Nxe5 dxe5 11. fxe6 fxe6 12. Bg5 b5 13. Bb3 O-O 14.
Qh4 Ra7 15. Rf2 Raf7 16. Raf1 Qe7 17. Nd1 h5 18. Ne3 Kh7 19. g4 Kg8 20. gxh5 gxh5 21.
Rg2 c4 22. dxc4 Qc5 23. Rgf2 b4 24. h3 Bb7 25. Kh2 Nxe4 26. Rxf7 Rxf7 27. Rxf7 Kxf7 28.
Qxh5+ Kf8 29. Bh6 Qe7 30. Bxg7+ Qxg7 31. Qf3+ Kg8 32. Qg4 Ng5 33. h4 Nf3+ 34. Kg3 Nd4 35. c3 bxc3 36. bxc3 Ne2+ 37. Kh3 Qxg4+ 38. Nxg4 e4 39. c5 Kf7 40. Ne3 Nxc3 41. Kg4 Nd5 42. Nxd5 exd5 43. Kf4 Kf6 44. h5 Bc6 45. Bc2 Kg7 46.
Ke5 e3 47. Bd1 Bb5 48. Kxd5 e2 49. Bxe2 Bxe2 50. c6 Bxh5 51. c7 Bg4 52. Kc6 Bc8 53. Kb6 Kf7 54. a4 Ke7 55. a5 Kd6 56. Ka7 Kxc7 57.
Ka8 Kc6 58. Ka7 Kb5 0-1

[Event "Early-Titled-Tuesday-Blitz-January-23-2024"]
[Site "Chess.com"]
[Date "2024.01.23"]
[Round "6"]
[White "Chessbard1972"]
[Black "Boundless_Strike"]
[Result "0-1"]
[WhiteElo "2441"]
[BlackElo "2618"]
[TimeControl "180+1"]
[EndTime "9:07:20 PST"]
[Termination "Boundless_Strike won on time"]

1. e4 d6 2. d4 e5 3. Nf3 Bg4 4. dxe5 Nc6 5. exd6 Bxd6 6. Be2 Qe7 7. Bg5 Nf6 8. Nc3 O-O-O 9. Qc1 h6 10. Nd5 Qxe4 11. Bxf6 Rde8 12. Nc3 Bb4 13. O-O Bxc3 14. Bd3 Bxf6 15. Bxe4 Rxe4 16. Nd2 Re2 17. Nc4 Nd4 18. Ne3 Bg5 19. f4 Rxc2 20. Nxc2 Ne2+ 21. Kf2 Nxc1 22. fxg5 Nd3+ 23. Kg3 Be6 24. gxh6 Rxh6 25. h3 Rg6+ 26.
Kh2 Nxb2 27. Nd4 Bd5 28. Rf2 Nd3 29. Rd2 Nf4 30. Nf3 c6 31. Re1 Bxf3 32. gxf3 Rh6 33.
Kg3 g5 34. Rh1 Re6 35. h4 f6 36. hxg5 fxg5 37. Rh8+ Kc7 38. Rh7+ Kb6 39. Kg4 Re5 40. Rdd7 Kc5 41. Rxb7 a5 42. Rhe7 Rd5 43. Ra7 Kc4 44. Rec7 Kb5 45. Rcb7+ Kc4 46. a4 c5 47.
Rxa5 Rd1 48. Kxg5 Nd3 49. f4 Rg1+ 50. Kf5 Rf1 51. Ke6 Rxf4 52. Ra8 Kc3 53. a5 Ra4 54. a6 c4 55. Kd6 Kc2 56. a7 c3 57.
Rc8 Ra6+ 0-1

[Event "Early-Titled-Tuesday-Blitz-January-23-2024"]
[Site "Chess.com"]
[Date "2024.01.23"]
[Round "6"]
[White "Maxfan2008"]
[Black "Druid24"]
[Result "0-1"]
[WhiteElo "2529"]
[BlackElo "2703"]
[TimeControl "180+1"]
[EndTime "9:07:21 PST"]
[Termination "Druid24 won by checkmate"]

1. d4 Nf6 2. c4 c5 3. d5 b5 4. cxb5 a6 5. bxa6 g6 6. Nc3 Bg7 7. g3 O-O 8. Bg2 d6 9. Nf3 Nxa6 10. O-O Qa5 11. Ne1 Bd7 12. Nc2 Rfb8 13. Ne3 Nc7 14. Qc2 Nb5 15. Nxb5 Bxb5 16. Bd2 Qa6 17. Bc3 Bxe2 18.
Rfe1 Bd3 19. Qd2 Ne4 20. Bxe4 Bxe4 21. Bxg7 Kxg7 22. Ng4 Qd3 23. Qh6+ Kg8 24. Re3 Qxd5 25. Rae1 f5 26. Qh4 fxg4 27. Rxe4 e5 28. Rxg4 Rxb2 29.
Qf6 Qf7 30. Qxf7+ Kxf7 31. a4 Rb4 32. f4 Raxa4 33. Rd1 Rd4 34. Rf1 exf4 35. gxf4 Kf6 36. Rh4 h5 37. Kg2 Kf5 38. Rh3 Rxf4 39. Rd1 Rad4 40. Re1 Rd2+ 41. Kg1 d5 42. Rhe3 Re4 43. Rf1+ Ke5 44. Ra3 c4 45. Ra8 Rg4+ 46. Kh1 Rgg2 47.
Re1+ Kd4 48. Rg8 Rxh2+ 49. Kg1 Rdg2+ 50. Kf1 Rh1+ 51. Kxg2 Rxe1 52. Rxg6 c3 53. Rc6 Kd3 54. Kf3 c2 55. Rc5 d4 56. Rd5 h4 57. Rc5 h3 58.
Kf4 h2 59. Rc3+ Kd2 60. Kf5 dxc3 61. Kf6 h1=Q 62. Kf7 c1=Q 63. Kf8 c2 64. Kg8 Qd1 65. Kf8 c1=Q 66. Kg8 Rg1+ 67. Kf8 Ke1 68. Ke8 Kd2 69. Kf8 Qe1 70. Kf7 Qe2 71. Kf8 Qce1 72. Kf7 Kd1 73. Kf8 Q2f1# 0-1

[Event "Early-Titled-Tuesday-Blitz-January-23-2024"]
[Site "Chess.com"]
[Date "2024.01.23"]
[Round "6"]
[White "Mops_2004"]
[Black "mishanick"]
[Result "1-0"]
[WhiteElo "2855"]
[BlackElo "3051"]
[TimeControl "180+1"]
[EndTime "9:07:26 PST"]
[Termination "Mops_2004 won by resignation"]

1. Nf3 d5 2. g3 g6 3. Bg2 Bg7 4. d4 c6 5. O-O Nf6 6. b3 O-O 7. Bb2 a5 8. c4 a4 9. e3 Qa5 10. Bc3 Qa6 11. Nbd2 Bf5 12. Qe2 Nbd7 13. Rfc1 Rfc8 14.
Bf1 Qb6 15. b4 Qd8 16. Nh4 Be6 17. c5 Ne4 18. Nxe4 dxe4 19. Ng2 Nf6 20. Nf4 Bg4 21. Qc2 g5 22. Ne2 Qd7 23. a3 Bf3 24. Bb2 Nd5 25. Nc3 Nxc3 26. Bxc3 Qf5 27. b5 h5 28.
bxc6 bxc6 29. Bg2 g4 30. Bf1 h4 31. Rab1 Bf6 32. Rb4 Kg7 33. Rxa4 hxg3 34. fxg3 Qg5 35. Re1 Rxa4 36. Qxa4 e6 37. Qc2 Ra8 38. a4 Kg6 39.
a5 Bd8 40. a6 Bc7 41. Qd2 Qh6 42. Qf2 Qf8 43. Rb1 Ra7 44. Rb7 Rxb7 45. axb7 Qb8 46. Ba6 Qa7 47. Qa2 Qb8 48. Be1 Qa7 49. Qa4 Be2 50. Bb5 Qxb7 51. Bxe2 Bd8 52. Qb4 Qa7 53. Bxg4 Bg5 54. Qd2 Qa3 55. Bf2 Qb3 56. Bd1 Qc4 57. h4 Bh6 58. Kg2 f5 59. Be2 Qb3 60. g4 Bg7 61. g5 Bf8 62. Bg3 Qd5 63. Bf4 Bg7 64.
h5+ Kh7 65. g6+ Kg8 66. h6 Bf6 67. Qb2 Qd8 68. Qb8 1-0

[Event "Early-Titled-Tuesday-Blitz-January-23-2024"]
[Site "Chess.com"]
[Date "2024.01.23"]
[Round "6"]
[White "JuniorJumper"]
[Black "AlexOstrovskiy"]
[Result "1-0"]
[WhiteElo "2580"]
[BlackElo "2779"]
[TimeControl "180+1"]
[EndTime "9:07:28 PST"]
[Termination "JuniorJumper won by resignation"]

1. b3 d5 2. Bb2 Bf5 3. e3 e6 4.
Nf3 h6 5. c4 Nf6 6. Nc3 c6 7.
Be2 Nbd7 8. O-O Bd6 9. d4 O-O 10. Bd3 Bxd3 11. Qxd3 a5 12. Rad1 Qe7 13. Rfe1 Rfd8 14. h3 Bb4 15. Re2 Bxc3 16. Bxc3 Ne4 17. Nd2 f5 18. f3 Nxc3 19. Qxc3 Qb4 20. Qb2 Nf6 21. c5 a4 22. Nb1 axb3 23. axb3 Ra5 24. Qc3 Qxc3 25. Nxc3 Ra3 26. Rb2 Rda8 27. Kf2 Kf7 28.
Ke2 Nd7 29. Kd2 e5 30. Kc2 exd4 31. exd4 Nf8 32. Rbb1 Ne6 33. Kb2 f4 34. Na4 R3xa4 35. bxa4 Rxa4 36. Kc3 Rc4+ 37. Kb2 Nxd4 38. Ka2 Ra4+ 39.
Kb2 Ne6 40. Rd3 Nxc5 41. Rc3 Rb4+ 42. Kc2 Rxb1 43. Kxb1 b6 44. Ra3 Ke6 45. Ra7 Nd7 46. Rc7 Kd6 47. Rc8 d4 48. Rg8 g5 49. Kc2 c5 50. Kd3 Ne5+ 51. Ke4 Nc6 52. Rg6+ Kc7 53. Rxh6 c4 54. Kd5 Ne7+ 55. Kxc4 Nf5 56. Rf6 Ne3+ 57. Kxd4 Nxg2 58. Rg6 Nh4 59. Rg7+ Kd6 60.
Ke4 b5 61. Rxg5 b4 62. Rb5 1-0

[Event "Early-Titled-Tuesday-Blitz-January-23-2024"]
[Site "Chess.com"]
[Date "2024.01.23"]
[Round "6"]
[White "Yurasova_Daria"]
[Black "DTChess"]
[Result "1-0"]
[WhiteElo "2474"]
[BlackElo "2613"]
[TimeControl "180+1"]
[EndTime "9:07:31 PST"]
[Termination "Yurasova_Daria won by resignation"]

1. d4 Nf6 2. Bg5 e6 3. e4 d5 4.
Nd2 h6 5. Bxf6 Qxf6 6. c3 c6 7.
Bd3 Nd7 8. Ne2 g6 9. O-O Bg7 10. e5 Qd8 11. b4 O-O 12. a4 a5 13. Qb3 axb4 14. cxb4 f5 15. f4 g5 16. Kh1 Rf7 17.
Qc3 Bf8 18. Nb3 Rg7 19. Nc5 Nxc5 20. bxc5 Bd7 21. Rfb1 Be8 22. Rb6 Bh5 23. Ng3 Be8 24. Ne2 h5 25. a5 h4 26. a6 bxa6 27. Rbxa6 Rxa6 28. Rxa6 gxf4 29. Nxf4 h3 30. g3 Qg5 31. Bf1 Qg4 32. Qd3 Re7 33. Bxh3 Qg7 34. Ra8 Qf7 35.
Rc8 Bh6 36. Qf3 Kg7 37. Bf1 Ra7 38. Be2 Ra1+ 39. Kg2 Ra2 40. Kf2 Bxf4 41. Qxf4 Qh5 42. g4 Qh4+ 43. Qg3 Qxg3+ 44. hxg3 Bg6 45. gxf5 Bxf5 46.
Ke1 Ra4 47. Rxc6 Rxd4 48. Rc7+ Kg6 49. Rc8 Ra4 50. c6 Ra1+ 51. Kd2 Ra2+ 52. Ke3 Rc2 53. Bd3 Rc3 54. c7 Rxd3+ 55. Ke2 Rc3 56. Rg8+ Kf7 57. c8=Q Rxc8 58. Rxc8 Kg6 59. Ke3 Kg5 60. Rg8+ Bg6 61. Kd4 Kh6 62. Kc5 Bf5 63. g4 Bh7 64. Re8 Kg5 65. Rxe6 Be4 66. Re8 Kxg4 67. e6 Kf5 68. Kd6 1-0

[Event "Early-Titled-Tuesday-Blitz-January-23-2024"]
[Site "Chess.com"]
[Date "2024.01.23"]
[Round "6"]
[White "Lion-Al-Messi"]
[Black "giomar27"]
[Result "0-1"]
[WhiteElo "2586"]
[BlackElo "2426"]
[TimeControl "180+1"]
[EndTime "9:07:32 PST"]
[Termination "giomar27 won by checkmate"]

1. e4 g6 2. d4 Bg7 3. Nc3 a6 4. Be3 b5 5. Qd2 d6 6. h4 h6 7. f4 Nf6 8. Bd3 Ng4 9. Nf3 Nxe3 10. Qxe3 Nd7 11. h5 gxh5 12. O-O-O Nf6 13. e5 Ng4 14. Qe4 Rb8 15. Rxh5 Nf2 16. Qe2 Nxd1 17. Nxd1 Bg4 18. Rh4 h5 19. Ne3 e6 20. Nxg4 hxg4 21. Rxg4 Bh6 22. g3 Kd7 23. d5 Qe7 24. a4 exd5 25. axb5 axb5 26. Bf5+ Ke8 27. Nd4 Qxe5 28. Qd2 Ra8 29. c3 c5 30. Rh4 cxd4 31. Rxh6 Ra1+ 32. Bb1 Qg7 33. Rxd6 Rh1+ 34. Kc2 Qh7+ 35. Kb3 Qxb1 36. Qe2+ Qe4 37. Qxb5+ Kf8 38. Qb8+ Kg7 39. Rd8 dxc3 40. Rg8+ Kf6 41. Qb6+ Qe6 42. Qd4+ Ke7 43. Qc5+ Qd6 44. Re8+ Kxe8 45. Qxd6 cxb2 46. Kxb2 Rab1+ 47. Kc3 Rhd1 48. Qe5+ Kf8 49. f5 d4+ 50. Kc4 Rdc1+ 51. Kd3 Rd1+ 52. Kc4 Rdc1+ 53. Kd3 Rd1+ 54. Kc2 d3+ 55. Kc3 Rdc1+ 56.
Kd4 d2 57. Qd6+ Kg8 58. Qd8+ Kg7 59. Qg5+ Kf8 60. Qh6+ Ke8 61. Qe3+ Kd7 62. f6 d1=Q+ 63. Ke5 Qe1 64. Kf4 Qxe3+ 65. Kxe3 Rc3+ 66. Kf4 Rcb3 67. g4 R3b2 68. Kf5 Rf1+ 69. Kg5 Rg1 70. Kh6 Rb5 71.
Kh7 Rg5 72. Kh6 R5xg4 73. Kh5 R4g2 74. Kh4 Rh1# 0-1

[Event "Early-Titled-Tuesday-Blitz-January-23-2024"]
[Site "Chess.com"]
[Date "2024.01.23"]
[Round "6"]
[White "KNVB"]
[Black "Sam_ChessMood"]
[Result "0-1"]
[WhiteElo "2753"]
[BlackElo "2916"]
[TimeControl "180+1"]
[EndTime "9:07:33 PST"]
[Termination "Sam_ChessMood won by resignation"]

1. d4 Nf6 2. Bf4 d5 3. e3 c5 4. c3 Qb6 5. Qb3 c4 6. Qxb6 axb6 7. Bxb8 Rxb8 8. Nd2 b5 9. a3 g5 10. Ngf3 h6 11. Be2 Bg7 12. O-O Bf5 13. Bd1 O-O 14.
Ne1 Ra8 15. Bc2 Bd7 16. Rd1 Bc6 17. h3 Nd7 18. f4 e6 19. fxg5 hxg5 20. e4 g4 21.
hxg4 Nf6 22. g5 Ng4 23. Rf3 e5 24. exd5 Bxd5 25. Rg3 Be6 26. Nf1 exd4 27. cxd4 Rfd8 28. Nf3 b4 29. axb4 Ra2 30. Rb1 Rxd4 31. Nxd4 Bxd4+ 32. Kh1 Bxb2 33. Ne3 Ne5 34. g6 Bd4 35. gxf7+ Kxf7 36. Bf5 c3 37. Bxe6+ Kxe6 38. Rd1 Rd2 39. Re1 Kd7 40. Nf5 Nd3 41. Nxd4 Nxe1 42. Rxc3 Rxd4 43. Kg1 Rd1 44.
Kf2 Nd3+ 45. Ke2 Nb2 46. Rb3 Rb1 47. g4 Na4 48. Rxb1 Nc3+ 49. Kd3 Nxb1 50. Kc4 Nd2+ 51. Kc5 Kc7 52. Kd4 Nf3+ 53. Ke4 Nh4 54. Kf4 Kc6 55. g5 Kb5 56. Kg4 Ng6 57. Kf5 Nh4+ 58. Kg4 Ng6 59. Kf5 Nf8 60. Ke5 Kxb4 61. Kd6 b5 62. Ke7 Ng6+ 63.
Kf6 Nh4 64. Ke5 Kc4 65. Kf4 b4 66. Kg4 Ng6 67. Kf5 Nf8 68. Ke4 b3 69. g6 Nxg6 0-1

[Event "Early-Titled-Tuesday-Blitz-January-23-2024"]
[Site "Chess.com"]
[Date "2024.01.23"]
[Round "6"]
[White "mortngabriel"]
[Black "Egor_Koshulyan"]
[Result "0-1"]
[WhiteElo "2525"]
[BlackElo "2698"]
[TimeControl "180+1"]
[EndTime "9:07:34 PST"]
[Termination "Egor_Koshulyan won on time"]

1. e4 c5 2. Nf3 Nc6 3. d4 cxd4 4.
Nxd4 Nf6 5. Nc3 e5 6. Ndb5 d6 7. Bg5 a6 8. Na3 Be6 9. Nc4 Rb8 10. Ne3 Be7 11. Bxf6 Bxf6 12. Ncd5 Bg5 13. Be2 O-O 14. O-O Kh8 15. c3 Ne7 16. Qd3 Nxd5 17.
Nxd5 f5 18. Bf3 f4 19. Rad1 Rc8 20. b3 Rc5 21. Nb4 Be7 22. Nd5 Rc6 23. c4 Rg8 24. h3 Qd7 25. Bg4 Bxg4 26. hxg4 Bg5 27. Qe2 Qe6 28. Rd3 a5 29. Rfd1 Bd8 30. g3 fxg3 31.
Rxg3 Bg5 32. Kg2 Rf8 33. Rh1 h6 34. Rgh3 Qg6 35. Rh5 Rcc8 36. f3 Rf7 37. Ne3 Rfc7 38. a4 Rc6 39. Nd5 Rf8 40. Qe1 b6 41. Qe2 Bd8 42.
Ne3 Rc7 43. Nf5 Bg5 44. Qd3 Rf6 45. Qd5 Bf4 46. Qa8+ Kh7 47. Qd8 Rcf7 48. Ne7 Rxe7 49.
Qxe7 Bg5 50. Qb7 Rf7 51. Qd5 Qf6 52. Qd3 Qf4 53. Qe2 Rf6 54. R5h3 Rf7 55. Rh5 Rf6 56. Qd3 Re6 57. Rd1 Rf6 58. Qe2 Kg8 59. Rd3 Qc1 60. Rh1 Qf4 61. Rhd1 Bh4 62. Qe3 Qg3+ 63. Kh1 Qh3+ 64.
Kg1 Bg3 65. R3d2 Bf4 66. Qe2 Bxd2 67. Rxd2 Rxf3 0-1

[Event "Early-Titled-Tuesday-Blitz-January-23-2024"]
[Site "Chess.com"]
[Date "2024.01.23"]
[Round "6"]
[White "Zheenbekov86"]
[Black "salomez"]
[Result "0-1"]
[WhiteElo "2495"]
[BlackElo "2318"]
[TimeControl "180+1"]
[EndTime "9:07:34 PST"]
[Termination "salomez won on time"]

1. d4 Nf6 2. Nf3 g6 3. g3 Bg7 4. Bg2 d5 5. O-O O-O 6. c4 dxc4 7. Na3 Nc6 8. Nxc4 Be6 9. Nce5 Bd5 10. Nxc6 Bxc6 11.
e3 a5 12. b3 a4 13. Ba3 axb3 14. axb3 Ne4 15. Qc2 Nd6 16. h4 Be4 17. Qe2 Ra6 18. Bb2 Rb6 19. Nd2 Bxg2 20. Kxg2 Qd7 21. Rfc1 Rc6 22.
Qf3 Rxc1 23. Rxc1 Ra8 24. Ne4 Ra2 25. Rc2 Nxe4 26. Qxe4 c5 27. Kg1 cxd4 28. exd4 h5 29. Qe2 e6 30. Kh2 Qd5 31. Qd3 Kh7 32. Qe2 Qxb3 33.
Rd2 Qd5 34. Bc3 Rxd2 35. Qxd2 b5 36. Qe3 Qc4 37. Qd2 Qd5 38. Kg1 Qc4 39. Kh2 Bf6 40. Kg1 Kg7 41. Kh2 Be7 42. Kg2 Bf6 43. Kg1 Qb3 44.
Kg2 Qb1 45. Kh2 Qe4 46. Qe1 Qxe1 47. Bxe1 Bxd4 48. Kg2 Bc5 49. Kf3 Kf6 50. Ke4 Ke7 51. f3 Kd6 52. g4 b4 53. Bd2 b3 54. Bf4+ Kc6 55. Kd3 Bd6 56. Bd2 Be5 57. Kc4 b2 0-1

[Event "Early-Titled-Tuesday-Blitz-January-23-2024"]
[Site "Chess.com"]
[Date "2024.01.23"]
[Round "6"]
[White "esrosenberg"]
[Black "Alenzer"]
[Result "1-0"]
[WhiteElo "2351"]
[BlackElo "2165"]
[TimeControl "180+1"]
[EndTime "9:07:37 PST"]
[Termination "esrosenberg won by checkmate"]

1. c4 e5 2. g3 Nf6 3. Bg2 c6 4. a3 a5 5. Nc3 Bc5 6. e3 O-O 7. Nge2 d5 8. cxd5 cxd5 9. d4 exd4 10. Nxd4 Nc6 11. O-O Nxd4 12. exd4 Bb6 13. Bg5 Be6 14. Qd3 h6 15. Bxf6 Qxf6 16. Rad1 Rfd8 17. Rd2 Bf5 18.
Qb5 Bxd4 19. Nxd5 Qe5 20. Rxd4 Qxd4 21. Ne7+ Kh8 22. Nxf5 Qd7 23. Qxd7 Rxd7 24. b4 axb4 25. axb4 Kh7 26. h4 g6 27. Ne3 Kg7 28. h5 Ra4 29. hxg6 fxg6 30. b5 Rb4 31. Ra1 Rxb5 32. Ra7 Kf6 33.
Bf3 h5 34. Kg2 Rb1 35. Be4 Rb4 36. Bc6 Ke6 37. Bxd7+ Kxd7 38. Ra5 b5 39. Ra6 g5 40.
Rh6 h4 41. gxh4 gxh4 42. Nf5 h3+ 43. Rxh3 Rb1 44. Rd3+ Ke6 45. Nd4+ Ke5 46. Nc6+ Ke4 47. Rd4+ Kf5 48. Rb4 Rc1 49. Rxb5+ Ke6 50. Nd4+ Kf6 51. Ne2 Rc2 52. Kf3 Kf7 53. Ke3 Ra2 54. f4 Ra3+ 55. Ke4 Ra4+ 56. Nd4 Ra1 57. f5 Rd1 58. Ke5 Re1+ 59. Kf4 Rf1+ 60. Nf3 Ra1 61. Rb7+ Kf6 62. Rb6+ Kf7 63. Ne5+ Ke8 64. Kg5 Ra5 65. Kf6 Ra8 66. Rb7 Kf8 67. Rh7 Kg8 68. Rg7+ Kh8 69. Nf7# 1-0

[Event "Early-Titled-Tuesday-Blitz-January-23-2024"]
[Site "Chess.com"]
[Date "2024.01.23"]
[Round "6"]
[White "soloderisas"]
[Black "Dinosaurio_1975"]
[Result "0-1"]
[WhiteElo "2471"]
[BlackElo "2647"]
[TimeControl "180+1"]
[EndTime "9:07:41 PST"]
[Termination "Dinosaurio_1975 won by resignation"]

1. d4 d5 2. Nf3 e6 3. Bf4 Bd6 4. Bg3 c5 5. dxc5 Bxc5 6. Nbd2 Nc6 7. e4 Nf6 8. Bd3 Nb4 9. e5 Nxd3+ 10. cxd3 Nh5 11.
Qa4+ Bd7 12. Qg4 Nxg3 13. hxg3 Qb6 14. O-O O-O 15. Nb3 Rac8 16. Qf4 a5 17. Rad1 a4 18.
Nbd4 a3 19. bxa3 Bxa3 20. Rb1 Qa6 21. Rfe1 b5 22. g4 Bc5 23. g5 Qxa2 24. Ra1 Qb2 25. Rab1 Qa3 26. g4 Qxd3 27. Rb3 Qc4 28. Rbe3 Bxd4 29.
Nxd4 Qa4 30. Rd3 Rc4 31. Ree3 Rc1+ 32. Kg2 Qa1 33. Nb3 Rg1+ 34. Kf3 Qf1 35. Qh2 Rh1 36. Qg2 Rh3+ 37. Qxh3 Qxh3+ 38. Ke2 Qxg4+ 39. Kf1 Qc4 40. Nd2 Qc1+ 41. Kg2 b4 42. Nb3 Qc4 43. Nd2 Qg4+ 44.
Rg3 Qf5 45. Nf3 d4 46. Nxd4 Qxe5 47. Nf3 Bc6 48. Kg1 Bxf3 49. Rdxf3 Rb8 50. Rb3 g6 51.
Kf1 Qb5+ 52. Kg2 Qc4 53. Kg1 Kg7 54. Kg2 Rd8 55. Kg1 Qb5 56. Kg2 Rd1 57. Rge3 Qf1+ 58. Kf3 Qh1+ 59. Ke2 Re1+ 60. Kd2 Rxe3 61. Rxe3 Qb7 62. Kc2 b3+ 63. Rxb3 Qe4+ 64. Kd2 Qf4+ 65. Re3 Qxg5 66. Ke2 h5 67. Rg3 Qe5+ 68. Re3 Qb5+ 69. Ke1 h4 70. Re4 h3 71. Rh4 Qb1+ 72. Ke2 Qh1 73.
f3 h2 74. Kf2 Qg1+ 0-1

[Event "Early-Titled-Tuesday-Blitz-January-23-2024"]
[Site "Chess.com"]
[Date "2024.01.23"]
[Round "6"]
[White "sergoy"]
[Black "rezamahdavi2008"]
[Result "1-0"]
[WhiteElo "3027"]
[BlackElo "2852"]
[TimeControl "180+1"]
[EndTime "9:07:48 PST"]
[Termination "sergoy won on time"]

1. d4 Nf6 2. c4 e6 3. Nf3 d5 4. Nc3 c6 5. e3 Nbd7 6. Qc2 Bd6 7. Bd3 dxc4 8. Bxc4 b5 9. Be2 Bb7 10. e4 e5 11. dxe5 Nxe5 12. Nd4 O-O 13. Nf5 Ng6 14. O-O Be5 15. f4 Bxc3 16. bxc3 c5 17. Bf3 Re8 18. e5 Bxf3 19. Rxf3 Nd5 20. Nd6 Rf8 21. Bd2 Qb6 22. c4 bxc4 23. Qxc4 Nde7 24. Bc3 Nc6 25. Re1 Rad8 26.
Rg3 Nd4 27. Bxd4 cxd4 28. Rb3 Qa5 29. Rf1 Rd7 30. Qxd4 Qxa2 31. Rg3 Qe6 32. Qf2 f6 33. f5 Qxe5 34. Nc4 Qd4 35. fxg6 Qxc4 36. gxh7+ Kh8 37. Kh1 a5 38. Re3 a4 39. Rfe1 Qc5 40. Qg3 Ra7 41. Qg6 Qg5 42. Qd3 Raa8 43. Rg3 Qc5 44. Qd7 Ra7 45.
Qe6 a3 46. Qa2 Re7 47. Rf1 Ra7 48. h3 Qd6 49. Rgf3 Qb4 50. Rd1 Qb2 51. Qxb2 axb2 52. Rb3 Ra1 53. Rg1 Rxg1+ 54. Kxg1 Kxh7 55. Rxb2 Rf7 56.
Kh2 Re7 57. Rb5 g6 58. Kg3 Kg7 59. Rb6 Re3+ 60. Kf4 Re7 61. Rd6 Ra7 62. Kf3 Ra3+ 63. Kf2 Ra2+ 64. Kg3 Ra3+ 65. Kh2 Ra7 66. h4 Rb7 67.
Kh3 Ra7 68. g3 Ra6 69. Rxa6 1-0

[Event "Early-Titled-Tuesday-Blitz-January-23-2024"]
[Site "Chess.com"]
[Date "2024.01.23"]
[Round "6"]
[White "shimastream"]
[Black "GMSrinath"]
[Result "1-0"]
[WhiteElo "3024"]
[BlackElo "2830"]
[TimeControl "180+1"]
[EndTime "9:07:49 PST"]
[Termination "shimastream won on time"]

1. d4 Nf6 2. Bg5 d5 3. Nd2 c5 4. dxc5 e6 5. e4 h6 6. Bh4 Bxc5 7.
e5 g5 8. Bg3 Nfd7 9. h4 Rg8 10.
hxg5 hxg5 11. Nb3 Nc6 12. Rh7 Ncxe5 13. Nf3 Ng6 14. Qd2 Be7 15. Nfd4 Nf6 16. Rh1 Ne4 17. Qe3 Nxg3 18. Qxg3 Bd6 19. Qe3 Bd7 20. g3 Qb6 21.
Qxg5 Be7 22. Qe3 O-O-O 23. c3 Kb8 24. Rh7 Be8 25. Bd3 Nf8 26. Rh1 Nd7 27. O-O-O Nc5 28. Bc2 Nxb3+ 29. axb3 Bd6 30. Kb1 a5 31. Rh7 Rc8 32.
Re1 Ka8 33. Qd2 Bc5 34. Rd1 Rc7 35. Qf4 Bd6 36. Qf6 a4 37. bxa4 Rxc3 38. Nb5 Rc8 39. Bd3 Bc5 40. Rh2 Bxb5 41. Bxb5 Rg6 42. Qe5 Rg4 43.
Qe1 Rb4 44. f4 Ka7 45. Re2 Rc7 46. Qd2 Rd4 47. Qe1 Rxd1+ 48. Qxd1 Bd6 49. Qd3 Rc5 50. Ka2 Qc7 51. f5 e5 52. g4 d4 53. g5 Rc1 54. g6 fxg6 55. fxg6 Qc5 56. Qb3 Bf8 57.
Rf2 Bh6 58. Rf7 Qb6 59. g7 Rg1 60. a5 Qxa5+ 61. Ba4 Qb6 62. Qxb6+ Kxb6 63. Rf6+ 1-0

[Event "Early-Titled-Tuesday-Blitz-January-23-2024"]
[Site "Chess.com"]
[Date "2024.01.23"]
[Round "6"]
[White "simonachess"]
[Black "Mistango"]
[Result "0-1"]
[WhiteElo "2343"]
[BlackElo "2521"]
[TimeControl "180+1"]
[EndTime "9:07:50 PST"]
[Termination "Mistango won by resignation"]

1. d4 Nf6 2. c4 g6 3. Nc3 Bg7 4. e4 O-O 5. Be2 d6 6. Bg5 h6 7.
Be3 e5 8. d5 Nbd7 9. Qd2 h5 10.
Bg5 a5 11. f3 Nc5 12. h4 c6 13. Nh3 cxd5 14. cxd5 Bd7 15. Nf2 a4 16. Nd3 Qa5 17.
Nxc5 Qxc5 18. Be3 Qa5 19. Nd1 Qd8 20. Nf2 b5 21. a3 Qe7 22. Bg5 Rfc8 23. Nd3 Rc7 24.
Nb4 Rac8 25. O-O Qe8 26. Rfc1 Nh7 27. Be3 Bf6 28. g3 Be7 29. Rxc7 Rxc7 30. Rc1 Rxc1+ 31.
Qxc1 f5 32. Qc7 Nf6 33. exf5 gxf5 34. Qb7 Qg6 35. Kf2 f4 36. gxf4 Ne4+ 37. Ke1 Bxh4+ 38. Kd1 Nf6 39. Nd3 e4 40. fxe4 Qxe4 41. Kd2 Qxd5 42.
Qxd5+ Nxd5 43. Bd4 Bf6 44. Bxf6 Nxf6 45. Bf3 h4 46. Nf2 h3 47. Bh1 Kf7 48. Ke3 h2 49. Nd3 Ke7 50. Kf2 Bf5 51. Nb4 Be4 52. Bxe4 Nxe4+ 53.
Kg2 Nd2 54. Kxh2 Nc4 55. Nd3 Ke6 56. Kg3 Kd5 57. Kf3 Kd4 58. Ke2 Ke4 59. Nb4 Nxb2 60. Kd2 Nc4+ 61. Kc3 Nxa3 62. Na6 Kxf4 63. Nc7 Ke5 64.
Kb4 Nc4 65. Nxb5 Nb6 66. Ka3 d5 67. Kb4 d4 68. Na3 d3 69. Kc3 Ke4 70. Kd2 Kd4 71.
Nb1 Nc4+ 72. Kc1 a3 73. Nxa3 Nxa3 74. Kd2 Nc4+ 75. Kd1 Kc3 0-1

[Event "Early-Titled-Tuesday-Blitz-January-23-2024"]
[Site "Chess.com"]
[Date "2024.01.23"]
[Round "6"]
[White "mac0504"]
[Black "Seochesspie"]
[Result "1-0"]
[WhiteElo "2596"]
[BlackElo "2790"]
[TimeControl "180+1"]
[EndTime "9:07:52 PST"]
[Termination "mac0504 won on time"]

1. c4 e5 2. Nc3 d6 3. e3 g6 4. h4 h6 5. d4 Bg7 6. dxe5 dxe5 7.
Qxd8+ Kxd8 8. Bd2 c6 9. O-O-O Kc7 10. h5 g5 11. f3 f5 12. Bd3 Be6 13. Nge2 Nd7 14.
Ng3 Ne7 15. Kb1 Nc5 16. Bc2 a5 17. b3 Rhd8 18. Nce2 f4 19. Ne4 Nxe4 20. Bxe4 Nf5 21. Bxf5 Bxf5+ 22. e4 Be6 23. Bc3 Rxd1+ 24. Rxd1 Bf7 25.
Nc1 b6 26. Nd3 Re8 27. Rh1 a4 28. Kc2 Bf6 29. Nf2 c5 30. Ng4 Bg7 31. Bb2 Kc6 32. Bc3 b5 33. cxb5+ Kxb5 34. bxa4+ Kxa4 35. Rb1 Bxh5 36. Rb7 Bxg4 37. fxg4 Bf8 38. Kd3 c4+ 39. Kxc4 Rc8+ 40.
Kd3 Rd8+ 41. Kc4 Rc8+ 42. Kd3 Rd8+ 43. Kc2 Rc8 44. Ra7+ Kb5 45. Kb3 Bd6 46. a4+ Kc6 47.
Rh7 f3 48. gxf3 Rf8 49. Rxh6 Rxf3 50. Kc4 Re3 51. a5 Rxe4+ 52. Kd3 Rxg4 53. Bxe5 Ra4 54. Bxd6 Kd7 55. Bc5 Rxa5 56. Bd4 g4 57. Rg6 g3 58. Ke4 Ra3 59. Be3 Ke7 60. Rxg3 Kf7 61. Rf3+ Ke8 62. Rh3 Ra5 63. Rh7 Rb5 64. Bd4 Ra5 65. Be5 Ra2 66. Kf4 Kd8 67. Kf5 Ra6 68. Ke4 Ke8 69. Kd5 Rb6 70. Bd6 1-0

[Event "Early-Titled-Tuesday-Blitz-January-23-2024"]
[Site "Chess.com"]
[Date "2024.01.23"]
[Round "6"]
[White "flomarechot"]
[Black "Felix-Rose"]
[Result "0-1"]
[WhiteElo "2268"]
[BlackElo "2299"]
[TimeControl "180+1"]
[EndTime "9:07:56 PST"]
[Termination "Felix-Rose won by resignation"]

1. Nf3 g6 2. d4 d6 3. b3 Bg7 4.
Bb2 a5 5. a3 c5 6. e3 Nc6 7. Bb5 Bd7 8. O-O cxd4 9. Nxd4 Nf6 10.
Be2 O-O 11. c4 Ne5 12. Nc3 Qc8 13. Rc1 b6 14. Nf3 Nc6 15. Qd2 Ne8 16. Rfd1 Qb7 17.
Nb5 Bxb2 18. Qxb2 a4 19. b4 Nd8 20. Nfd4 Ng7 21. Bf3 Nc6 22. h3 Rac8 23. Qc2 Nxd4 24.
Bxb7 Nxc2 25. Bxc8 Rxc8 26. Na7 Rc7 27. Rxc2 Rxa7 28.
c5 bxc5 29. bxc5 dxc5 30. Rxc5 Ne6 31. Rcd5 Bc6 32. R5d3 Kg7 33. Rc3 Ra6 34. f3 h5 35.
Kf2 Rb6 36. Rd2 Be8 37. g4 hxg4 38. hxg4 Ng5 39. Rc4 Rb3 40. Rc7 Rxa3 41. Rxe7 Bc6 42. e4 Rxf3+ 43. Kg2 Bxe4 44. Kh2 Rh3+ 45. Kg1 Nf3+ 46.
Kf2 Nxd2 47. Ke1 Nf3+ 48. Kf2 Bd5 49. Rd7 Be6 50. Ra7 Ne5 51. Rxa4 Nxg4+ 52. Kg2 Rh2+ 53.
Kg3 Rb2 54. Rd4 Rb3+ 55. Kf4 Nf6 56. Ra4 Nd5+ 57. Ke4 Re3+ 58. Kd4 Rh3 59. Ra8 Rh4+ 60. Kd3 Nb4+ 61. Ke3 Bd5 62. Rb8 Nc2+ 63. Kd3 Be4+ 64.
Kc3 Rh3+ 65. Kd2 Nd4 66. Rd8 Rd3+ 67. Kc1 Ne2+ 68. Kc2 Rxd8+ 0-1

[Event "Early-Titled-Tuesday-Blitz-January-23-2024"]
[Site "Chess.com"]
[Date "2024.01.23"]
[Round "6"]
[White "Flawless_Fighter"]
[Black "Chessdreamer2020"]
[Result "1-0"]
[WhiteElo "2723"]
[BlackElo "2544"]
[TimeControl "180+1"]
[EndTime "9:07:57 PST"]
[Termination "Flawless_Fighter won by resignation"]

1. e4 d6 2. d4 Nf6 3. Nc3 c6 4. Nf3 Bg4 5. Be2 e6 6. O-O d5 7.
e5 Nfd7 8. Bg5 Qa5 9. a3 c5 10. b4 cxb4 11. axb4 Qb6 12. Na4 Qc7 13. Nc5 b6 14. c4 bxc5 15. bxc5 dxc4 16. h3 Bh5 17.
g4 Bg6 18. Bxc4 h6 19. Bf4 Be4 20. Qe2 Qb7 21. Nd2 Bg6 22. Ra3 Be7 23. Rb3 Qc8 24.
Qf3 Nc6 25. Bb5 Ndb8 26. Nc4 O-O 27. Be3 a6 28. Nb6 Qb7 29. Ba4 Ra7 30. h4 Qc7 31. h5 Bh7 32. Qg3 Rd8 33. Rd1 Na5 34. Rb2 Nbc6 35. g5 hxg5 36. Rbd2 Nc4 37. Nxc4 Nb4 38.
Nd6 Bxd6 39. exd6 Qb7 40. Bxg5 Rb8 41. h6 g6 42. Bf6 Nd5 43. Be5 f6 44. Bf4 Rd8 45. Be3 Qf7 46. Rd3 Rb7 47. Bb3 g5 48.
Bxd5 exd5 49. Ra3 Rb2 50. c6 Rdb8 51. c7 Ra8 52. Rc1 Qd7 53. Rac3 Bf5 54. c8=Q+ Rxc8 55. Rxc8+ Qxc8 56. Rxc8+ Bxc8 57. Qf3 Kf7 58. Qxd5+ Be6 59.
Qc5 Rb1+ 60. Kh2 Kg6 61. Qc7 Bd5 62. Qg7+ Kh5 63. f3 Bxf3 64. Kg3 g4 65. h7 Rb8 66. h8=Q+ Rxh8 67. Qxh8+ Kg6 68. Qg8+ Kf5 69. d7 1-0